Map: Terrazze Prion

Players

GørrAvl - Winner!

  • Race: Zerg Zerg
  • League: Gold

Jhyrachy

  • Race: Zerg Zerg
  • League: Silver

VOD

Have the link to the VOD?

Description

Time

  • Played on: Dec. 8, 2015, 7:34 a.m.
  • Length: 13:44
Show
View Real Time Build Order
Export as new Build Order

GørrAvl Zerg - Winner!

Build Orders: Pool First 

Get SALT Encoding   

  12  0:02  Drone  
  13  0:12  Overlord  
  13  0:17  Drone  
  14  0:30  Drone x2  
  16  0:41  Spawning Pool  
  15  0:45  Extractor  
  15  0:46  Drone  
  15  0:51  Drone  
  16  0:57  Drone  
  17  1:07  Drone  
  18  1:17  Overlord  
  18  1:28  Queen  
  18  1:29  Drone  
  21  1:43  Zergling x2  
  21  1:48  Metabolic Boost  
  21  1:50  Zergling x2  
  21  1:54  Spine Crawler  
  21  2:01  Zergling x2  
  21  2:05  Queen  
  24  2:14  Zergling x2  
  25  2:23  Zergling x2  
  25  2:27  Spine Crawler  
  24  2:35  Zergling x2  
  24  2:40  Drone  
  25  2:50  Drone x3  
  28  2:54  Baneling Nest  
  27  3:11  Hatchery  
  27  3:14  Hatchery  
  27  3:18  Zergling x2  
  27  3:36  Zergling x4  
  27  3:38  Overlord  
  29  3:44  Extractor  
  29  3:46  Baneling x2  
  28  4:07  Drone  
  28  4:08  Drone x2  
  31  4:17  Roach Warren  
  31  4:18  Drone x3  
  26  5:00  Roach x6  
  26  5:01  Roach x2  
  42  5:09  Roach  
  42  5:13  Overlord  
  44  5:35  Ravager x4  
  48  5:36  Ravager x2  
  50  5:44  Lair  
  50  5:45  Drone, Zergling x2  
  50  5:47  Overlord  
  52  6:05  Queen  
  54  6:15  Drone  
  54  6:16  Drone x5  
  60  6:34  Spore Crawler  
  60  6:36  Spore Crawler x2  
  60  6:37  Overlord  
  57  6:45  Drone  
  57  6:46  Spore Crawler  
  38  7:32  Roach x3  
  38  7:33  Roach x8  
  55  7:41  Drone x3  
  56  7:49  Spine Crawler  
  55  7:52  Glial Reconstitution  
  55  8:02  Drone x2  
  55  8:05  Spore Crawler  
  56  8:13  Ravager  
  56  8:14  Ravager, Overlord  
  56  8:15  Overlord  
  56  8:17  Drone  
  56  8:18  Drone  
  60  8:20  Overseer  
  60  8:29  Drone x3  
  65  8:34  Drone, Ravager x2  
  65  8:35  Drone  
  67  8:42  Drone  
  67  8:43  Extractor, Evolution Chamber  
  67  8:47  Drone  
  67  8:48  Drone x2  
  69  8:58  Drone x3  
  72  9:03  Overseer  
  72  9:06  Zergling x2  
  72  9:09  Drone x5  
  78  9:15  Extractor  
  78  9:16  Zerg Ground Armor Level 1  
  77  9:24  Evolution Chamber  
  76  9:39  Hatchery  
  75  10:07  Hydralisk Den  
  75  10:10  Infestation Pit  
  73  10:17  Zerg Missile Weapons Level 1  
  73  10:21  Extractor  
  73  10:23  Spire  
  73  10:25  Extractor, Overlord x3  
  73  10:26  Overseer  
  70  10:35  Roach x4  
  78  10:36  Roach x3  
  78  10:37  Overlord  
  78  10:38  Overlord  
  78  10:40  Overseer  
  84  10:46  Zergling x2  
  84  10:48  Overlord  
  85  11:10  Hydralisk x4  
  93  11:33  Hydralisk  
  93  11:34  Hydralisk x5  
  105  11:47  Spore Crawler  
  105  11:49  Pneumatized Carapace  
  105  11:50  Burrow  
  104  11:57  Spore Crawler  
  104  11:59  Spore Crawler  
  102  12:12  Corruptor x2  
  102  12:13  Corruptor  
  108  12:28  Spore Crawler  
  106  12:32  Spore Crawler  
  106  12:34  Spore Crawler  
  106  12:35  Hydralisk  
  106  12:36  Hydralisk x2  
  110  12:52  Spore Crawler  
  110  12:53  Drone x2  
  110  12:54  Spore Crawler  
Show
View Real Time Build Order
Export as new Build Order

Jhyrachy Zerg 

Build Orders: Pool First 

Get SALT Encoding   

  12  0:18  Spawning Pool  
  11  0:23  Extractor  
  11  0:24  Drone  
  11  0:31  Drone  
  11  0:34  Drone  
  13  0:47  Overlord  
  13  0:53  Drone  
  14  1:05  Queen  
  16  1:15  Zergling x4  
  18  1:30  Metabolic Boost  
  18  1:32  Zergling x2  
  19  1:53  Zergling x6  
  22  2:04  Overlord  
  22  2:30  Spine Crawler  
  18  3:02  Drone x3  
  21  3:18  Baneling Nest  
  20  3:40  Drone x4  
  24  4:08  Zergling x2  
  24  4:09  Zergling x6  
  28  4:12  Baneling x6  
  28  4:25  Hatchery  
  26  4:32  Baneling  
  24  4:51  Zergling x8  
  24  4:52  Zergling x2  
  29  5:00  Roach Warren  
  22  5:42  Queen  
  24  6:09  Overlord x2  
  24  6:29  Roach x7  
  24  6:30  Roach x2  
  33  7:03  Drone  
  33  7:04  Roach  
  33  7:05  Roach x5  
  34  7:23  Spine Crawler  
  31  7:36  Queen  
  31  7:46  Lair  
  31  7:48  Drone x6  
  31  7:49  Drone x4  
  41  8:21  Extractor  
  41  8:24  Drone x3  
  41  8:25  Extractor  
  41  8:26  Drone x2  
  44  8:27  Overlord x2  
  44  8:34  Extractor  
  43  9:01  Spire  
  42  9:12  Drone x4  
  42  9:15  Drone  
  42  9:16  Drone  
  48  9:18  Drone x4  
  52  9:56  Overlord x3  
  52  10:21  Mutalisk x2  
  52  10:22  Mutalisk x6  
  52  10:23  Mutalisk x2  
  72  10:43  Zerg Flyer Weapons Level 1  
  72  10:50  Zergling x8  
  72  10:51  Zergling x12  
  82  11:28  Mutalisk  
  82  11:31  Pneumatized Carapace  
  82  11:32  Overlord x2  
  82  12:44  Zergling x2  
  82  12:45  Zergling x32  
  99  12:55  Overlord  
  99  12:56  Overlord  
Tags
 
Add a new tag
Caveats
  • Supply blocks, unpowered buildings, or Contaminate may cause inaccurate times.
  • Supply counts are checked every 10 seconds.